[Event "Titled Tuesday Blitz December 27 Early 2022"]
[White "Bortnyk, Olexandr"]
[Black "Begunov, Konstantin"]
[WhiteFideId "14120828"]
[BlackFideId "4118510"]
[WhiteElo "2605"]
[BlackElo "2325"]
[Result "1-0"]
[Round "08"]
[TimeControl "180+2"]
[Date "2022.12.27"]
[WhiteClock "0:01:08"]
[BlackClock "0:00:12"]

1. d4 d5 2. Nc3 Nf6 3. Bf4 c6 4. e3 Bg4 5. f3 Bf5 6. g4 Bg6 7. h4 h5 8. g5 Ng8 9. Bd3 Bxd3 10. Qxd3 e6 11. g6 f6 12. e4 Bd6 13. Nge2 Ne7 14. exd5 exd5 15. O-O-O Na6 16. Rde1 Qd7 17. a3 O-O-O 18. Kb1 Nc7 19. Na4 Bxf4 20. Nxf4 Qd6 21. Nc5 Rde8 22. Nfe6 Rhg8 23. Nxc7 Qxc7 24. Re3 b6 25. Ne6 Qg3 26. Rhe1 Qxg6 27. Qa6+ Kb8 28. Nc5 bxc5 29. Rxe7 Rxe7 30. Rxe7 Qg1+ 31. Ka2 Qxd4 32. Qb7# 1-0


[Site "https://www.chess.com"]

[Event "Titled Tuesday Blitz December 27 Early 2022"]
[White "Bringas Gomez, Artai"]
[Black "Sovetov, Oleksandr"]
[WhiteFideId "24534064"]
[BlackFideId "34105786"]
[WhiteElo "2206"]
[BlackElo "1976"]
[Result "0-1"]
[Round "08"]
[TimeControl "180+2"]
[Date "2022.12.27"]
[WhiteClock "0:00:06"]
[BlackClock "0:00:58"]

1. e4 c5 2. a3 d5 3. exd5 Qxd5 4. Nc3 Qd6 5. b4 Nf6 6. Nf3 Nc6 7. Be2 e5 8. O-O Be7 9. bxc5 Qxc5 10. Nb5 O-O 11. c3 a6 12. d4 exd4 13. cxd4 Qb6 14. Nc3 Rd8 15. Rb1 Qa5 16. Bd2 Nxd4 17. Nxd4 Rxd4 18. Qc1 Bxa3 19. Qe1 Bb4 20. Rxb4 Qxb4 21. Ne4 Rxd2 22. Nxd2 Be6 23. Nf3 Qxe1 24. Rxe1 b5 25. Ra1 Bd5 26. Nd4 Kf8 27. Bf3 Bxf3 28. gxf3 b4 29. Ra5 Ke8 30. Kg2 Kd7 31. Nc2 b3 32. Na3 Kc6 33. Ra4 a5 34. Rc4+ Kd5 35. Ra4 Nd7 36. h4 Nb6 37. Rf4 f6 38. Rf5+ Kd4 39. Rb5 Nc4 40. Rxb3 Nxa3 41. Rxa3 a4 42. Ra1 a3 43. h5 h6 44. Kg3 a2 45. Kf4 Kc3 46. Ke3 Kb2 47. Rd1 a1=Q 48. Rd2+ Kc3 49. Rd3+ Kc4 50. f4 Qe1+ 51. Kf3 Kxd3 52. f5 Qe4+ 53. Kg3 Qxf5 54. f3 Ra1 55. Kh4 Rg1 56. f4 Qg4# 0-1


[Site "https://www.chess.com"]

[Event "Titled Tuesday Blitz December 27 Early 2022"]
[White "Bryakin, Mikhail"]
[Black "Volkov, Maksim"]
[WhiteFideId "4165314"]
[BlackFideId "54123070"]
[WhiteElo "2455"]
[BlackElo "2258"]
[Result "1-0"]
[Round "08"]
[TimeControl "180+2"]
[Date "2022.12.27"]
[WhiteClock "0:00:20"]
[BlackClock "0:00:02"]

1. b3 e5 2. Bb2 Nc6 3. e3 Nf6 4. Nf3 e4 5. Ne5 Nxe5 6. Bxe5 d5 7. Be2 Bd6 8. Bb2 O-O 9. h3 c6 10. c4 Re8 11. Nc3 Be5 12. Qc2 d4 13. exd4 Bxd4 14. Nd1 c5 15. Ne3 Qd6 16. O-O-O a5 17. a4 Ra6 18. g4 Nd7 19. Nf5 Qe5 20. f4 Qxf4 21. Nxd4 cxd4 22. Bxd4 Qd6 23. Qc3 Nc5 24. Kc2 f6 25. Qe3 Rc6 26. Bc3 b6 27. h4 Be6 28. Rdf1 Bf7 29. g5 Nd3 30. gxf6 Qa3 31. Ra1 Qd6 32. Rhg1 g6 33. h5 Bxc4 34. bxc4 Rxc4 35. hxg6 Nb4+ 36. Kd1 hxg6 1-0


[Site "https://www.chess.com"]

[Event "Titled Tuesday Blitz December 27 Early 2022"]
[White "Buscar, Michael"]
[Black "Erzhanov, Arman"]
[WhiteFideId "2603616"]
[BlackFideId "4138821"]
[WhiteElo "2041"]
[BlackElo "2228"]
[Result "0-1"]
[Round "08"]
[TimeControl "180+2"]
[Date "2022.12.27"]
[WhiteClock "0:00:08"]
[BlackClock "0:00:22"]

1. e4 d6 2. d4 Nf6 3. Nc3 e5 4. Nf3 Nbd7 5. Bc4 Be7 6. h3 O-O 7. Bg5 c6 8. Qd2 b5 9. Bb3 a6 10. a4 b4 11. Na2 Nxe4 12. Bxe7 Qxe7 13. Qxb4 exd4 14. O-O c5 15. Qe1 Ndf6 16. c3 dxc3 17. Nxc3 Bb7 18. Ng5 Rae8 19. Ngxe4 Nxe4 20. Nd5 Qg5 21. f4 Qg6 22. Qh4 Bxd5 23. Bxd5 Ng3 24. Rf2 Nf5 25. Qg5 Ne3 26. Bc6 Rb8 27. Re1 Nc4 28. Qe7 Nxb2 29. f5 Qf6 30. Qxf6 gxf6 31. Rd2 Nc4 32. Rd3 Rfd8 33. Re4 Ne5 34. Rg3+ Kf8 35. Bd5 Rb4 36. Rxb4 cxb4 37. a5 Rb8 38. Re3 Ke7 39. g4 h6 40. Kf2 Kd7 41. Kg3 Rb5 42. Bb3 Rxa5 43. Kh4 Ra3 44. Kh5 a5 45. Kxh6 a4 46. Bxa4+ Rxa4 47. Kg7 Ke7 48. h4 b3 49. g5 Rb4 50. gxf6+ Kd7 51. Re1 b2 52. Rb1 Nc4 53. h5 Nd2 54. Rxb2 Rxb2 55. h6 Ne4 56. h7 Rh2 57. h8=Q Rxh8 58. Kxh8 Nxf6 59. Kg7 Ke7 60. Kh6 d5 61. Kg5 d4 62. Kf4 Kd6 63. Kf3 Ke5 64. Ke2 Ke4 65. Kd2 d3 0-1


[Site "https://www.chess.com"]

[Event "Titled Tuesday Blitz December 27 Early 2022"]
[White "Clawitter, Craig"]
[Black "Shahaliyev, Ismayil"]
[WhiteFideId "2023105"]
[BlackFideId "13406388"]
[WhiteElo "2050"]
[BlackElo "2400"]
[Result "0-1"]
[Round "08"]
[TimeControl "180+2"]
[Date "2022.12.27"]
[WhiteClock "0:00:12"]
[BlackClock "0:00:23"]

1. e4 e6 2. d4 d5 3. e5 c5 4. c3 Qb6 5. Nf3 Bd7 6. Bd3 Bb5 7. dxc5 Bxc5 8. b4 Bxd3 9. Qxd3 Be7 10. O-O Nc6 11. Be3 Qc7 12. Bd4 Nh6 13. Na3 a6 14. Nc2 Nf5 15. a3 Rc8 16. Rac1 O-O 17. g4 Nfxd4 18. cxd4 Qb6 19. Ne3 Na7 20. Ng2 Qb5 21. Qe3 Qa4 22. Nf4 Nb5 23. Rxc8 Rxc8 24. Rc1 Rxc1+ 25. Qxc1 Qxa3 26. Qc8+ Bf8 27. Ng5 Qxb4 28. Nfxe6 Nxd4 29. Qe8 Qe7 30. Qxe7 Bxe7 31. Nxd4 Bxg5 32. Kf1 Bf4 33. Nf3 Kf8 34. Ke2 Ke7 35. Kd3 Ke6 36. Kd4 a5 37. Kc5 a4 38. Kb4 b5 39. Nd4+ Kxe5 40. Nxb5 Bxh2 41. Kxa4 Bg1 42. f3 g6 43. Kb4 h5 44. gxh5 gxh5 45. Nc3 h4 46. Ne2 h3 47. Nxg1 h2 0-1


[Site "https://www.chess.com"]

[Event "Titled Tuesday Blitz December 27 Early 2022"]
[White "Cnejev, Vladimir-Alexandru"]
[Black "Pakleza, Zbigniew"]
[WhiteFideId "1260898"]
[BlackFideId "1119290"]
[WhiteElo "2374"]
[BlackElo "2494"]
[Result "0-1"]
[Round "08"]
[TimeControl "180+2"]
[Date "2022.12.27"]
[WhiteClock "0:00:02"]
[BlackClock "0:00:06"]

1. e4 d6 2. d4 Nf6 3. Nd2 e5 4. c3 Nc6 5. Ngf3 Bg4 6. h3 Bxf3 7. Nxf3 exd4 8. cxd4 d5 9. e5 Ne4 10. a3 Be7 11. Be3 O-O 12. Bd3 h6 13. O-O Rb8 14. Qc2 Ng5 15. Nxg5 Bxg5 16. f4 Bh4 17. f5 Bg5 18. Bf2 Re8 19. Rae1 Bf4 20. f6 gxf6 21. g3 fxe5 22. gxf4 e4 23. Bb5 Kh7 24. Bxc6 bxc6 25. Re3 Rg8+ 26. Kh2 f5 27. b4 Qd6 28. Bg3 Rg6 29. Rg1 Rbg8 30. Ree1 h5 31. Qf2 a5 32. bxa5 Qxa3 33. Bh4 Qxa5 34. Rxg6 Rxg6 35. Rg1 Rxg1 36. Kxg1 Qc3 37. Kh2 e3 38. Qf3 Qd2+ 39. Kg3 Qe1+ 40. Kg2 Qxh4 41. Qxe3 Qf6 42. Qe8 Qg6+ 43. Qxg6+ Kxg6 44. Kf3 Kf6 45. Kg3 Ke6 46. Kh4 c5 47. dxc5 d4 48. Kg3 Kd5 49. Kf3 Kxc5 0-1


[Site "https://www.chess.com"]

[Event "Titled Tuesday Blitz December 27 Early 2022"]
[White "Cruz, William Ferreira Da"]
[Black "Cardona, Liulia"]
[WhiteFideId "2118050"]
[BlackFideId "3505189"]
[WhiteElo "2216"]
[BlackElo "2115"]
[Result "1-0"]
[Round "08"]
[TimeControl "180+2"]
[Date "2022.12.27"]
[WhiteClock "0:00:06"]
[BlackClock "0:00:02"]

1. d4 f5 2. e4 fxe4 3. Nc3 Nf6 4. f3 d5 5. fxe4 dxe4 6. Bc4 e5 7. dxe5 Qxd1+ 8. Nxd1 Ng4 9. Bf4 Bb4+ 10. c3 Be7 11. h3 g5 12. Bg3 Nh6 13. Ne3 Nc6 14. Ne2 Bd7 15. e6 Bc8 16. b4 O-O 17. Bxc7 Kg7 18. Ng3 Bf6 19. Nh5+ Kg6 20. Nxf6 Rxf6 21. b5 Ne7 22. Bd8 Nhg8 23. Bxe7 Nxe7 24. Ng4 Rf5 25. Rf1 h5 26. Ne3 Rxf1+ 27. Nxf1 Kf6 28. Ng3 Ke5 29. Nxh5 Bxe6 30. Bxe6 Kxe6 31. Ng3 Ke5 32. O-O-O Nd5 33. Kb2 Rf8 34. c4 Rf2+ 35. Kb3 Ne3 36. Re1 Nxg2 37. Rxe4+ Kd6 38. Rg4 Rf3+ 39. Kb4 Ne3 40. c5+ Kc7 41. Rxg5 Nc2+ 42. Kc4 Na3+ 43. Kd5 Nxb5 44. Nf5 Nc3+ 45. Kc4 Nxa2 46. Rg7+ Kc8 47. Nd6+ Kd8 48. Nxb7+ Ke8 49. Nd6+ Kf8 50. Rxa7 Nc1 51. c6 Ne2 52. Rf7+ 1-0


[Site "https://www.chess.com"]

[Event "Titled Tuesday Blitz December 27 Early 2022"]
[White "Csonka, Balazs"]
[Black "Zakhartsov, Vladimir"]
[WhiteFideId "742910"]
[BlackFideId "4145097"]
[WhiteElo "2496"]
[BlackElo "2552"]
[Result "0-1"]
[Round "08"]
[TimeControl "180+2"]
[Date "2022.12.27"]
[WhiteClock "0:00:05"]
[BlackClock "0:00:08"]

1. d4 Nf6 2. c4 c5 3. d5 e6 4. Nc3 exd5 5. cxd5 d6 6. Nf3 g6 7. Qa4+ Nbd7 8. Bf4 a6 9. e4 Rb8 10. h3 b5 11. Qc2 b4 12. Na4 Qe7 13. O-O-O Bg7 14. e5 dxe5 15. d6 Qd8 16. Nxe5 Nxe5 17. Bxe5 O-O 18. Bd3 Qa5 19. Rhe1 Bd7 20. b3 c4 21. Bxc4 Rbc8 22. Kb1 Bf5 23. Rd3 Rfe8 24. f4 Nd7 25. g4 Bxd3 26. Qxd3 Nxe5 27. fxe5 Rxe5 28. Rf1 Rf8 29. d7 Qd8 30. Nb6 Qe7 31. Nd5 Re1+ 32. Rxe1 Qxe1+ 33. Kc2 Rd8 34. Nc7 Qf2+ 35. Kd1 Qg1+ 36. Ke2 Qh2+ 37. Kd1 Qxc7 0-1


[Site "https://www.chess.com"]

[Event "Titled Tuesday Blitz December 27 Early 2022"]
[White "Da Silva Junior, Sediney Mari"]
[Black "Araujo, Everson De Moura"]
[WhiteFideId "2132079"]
[BlackFideId "22737197"]
[WhiteElo "2010"]
[BlackElo "1944"]
[Result "1-0"]
[Round "08"]
[TimeControl "180+2"]
[Date "2022.12.27"]
[WhiteClock "0:02:04"]
[BlackClock "0:01:31"]

1. e4 e6 2. Nf3 d5 3. e5 c5 4. b4 cxb4 5. a3 Nc6 6. axb4 Bxb4 7. c3 Be7 8. d4 f6 9. Bd3 Qc7 10. Qe2 fxe5 11. dxe5 Bd7 12. O-O O-O-O 13. Be3 Kb8 14. Na3 a6 15. Rfb1 Bxa3 16. Rxa3 Kc8 17. Bxa6 bxa6 18. Qxa6+ 1-0


[Site "https://www.chess.com"]

[Event "Titled Tuesday Blitz December 27 Early 2022"]
[White "Deac, Bogdan-Daniel"]
[Black "Lenderman, Aleksandr"]
[WhiteFideId "1226380"]
[BlackFideId "2021285"]
[WhiteElo "2700"]
[BlackElo "2572"]
[Result "1-0"]
[Round "08"]
[TimeControl "180+2"]
[Date "2022.12.27"]
[WhiteClock "0:00:05"]
[BlackClock "0:00:07"]

1. d4 d5 2. c4 c6 3. Nf3 Nf6 4. e3 Bg4 5. h3 Bxf3 6. Qxf3 e6 7. Bd3 Bb4+ 8. Nd2 O-O 9. a3 Be7 10. O-O a5 11. b3 Nbd7 12. Bb2 Qb6 13. Rab1 Rfe8 14. Qe2 Bf8 15. Nf3 g6 16. Qc2 Bg7 17. Bc3 Qd8 18. b4 axb4 19. axb4 Nb6 20. c5 Nbd7 21. b5 Qc7 22. b6 Qd8 23. Ra1 Qe7 24. Rxa8 Rxa8 25. Ra1 Rxa1+ 26. Bxa1 Qd8 27. Qa2 Qc8 28. Bc3 Ne4 29. Bxe4 dxe4 30. Ng5 Nf6 31. Qc2 Qa8 32. Nxe4 Nxe4 33. Qxe4 Qa3 34. Qc2 e5 35. Qb2 Qa4 36. dxe5 Bf8 37. Bd4 Qa5 38. Qc1 Qa2 39. g4 Qd5 40. Qc2 Be7 41. f4 Kf8 42. Kh2 Kg8 43. f5 Bf8 44. e6 fxe6 45. fxg6 h6 46. Qf2 e5 47. Qf5 exd4 48. Qxd5+ cxd5 49. exd4 Kg7 50. Kg3 Kxg6 51. Kf4 Kf6 52. h4 Ke6 53. g5 hxg5+ 54. Kxg5 Bg7 55. c6 Bxd4 56. cxb7 Be5 57. h5 Kd7 58. Kf5 Bb8 59. h6 d4 60. Ke4 d3 61. Kxd3 Kc6 62. h7 Be5 63. h8=Q Bxh8 64. b8=Q 1-0


[Site "https://www.chess.com"]

[Event "Titled Tuesday Blitz December 27 Early 2022"]
[White "Dias, Joao Batista"]
[Black "Zaichenko, Daria"]
[WhiteFideId "2108240"]
[BlackFideId "4197453"]
[WhiteElo "1796"]
[BlackElo "2104"]
[Result "1-0"]
[Round "08"]
[TimeControl "180+2"]
[Date "2022.12.27"]
[WhiteClock "0:00:56"]
[BlackClock "0:00:19"]

1. e4 c5 2. Nf3 Nc6 3. h3 e6 4. c4 d5 5. cxd5 exd5 6. exd5 Qxd5 7. Nc3 Qd8 8. Bb5 Bd7 9. O-O Nf6 10. Re1+ Be7 11. Qe2 Be6 12. Bxc6+ bxc6 13. Ne5 Qc7 14. d3 O-O 15. Bg5 Nd5 16. Bxe7 Qxe7 17. Nxc6 Qg5 18. Qe5 Qxe5 19. Rxe5 Nf4 20. Re3 Kh8 21. Ne4 Rfc8 22. Ne5 f6 23. Nf3 Nd5 24. Re2 Bf7 25. Rc1 Nf4 26. Rd2 Bxa2 27. Rxc5 Rxc5 28. Nxc5 Bd5 29. h4 Re8 30. Kf1 Bxf3 31. gxf3 Rc8 32. b4 Rb8 33. Rb2 Rb5 34. Na4 a5 35. bxa5 1-0


[Site "https://www.chess.com"]

[Event "Titled Tuesday Blitz December 27 Early 2022"]
[White "Diaz, Fernando"]
[Black "Vargas, Mauricio"]
[WhiteFideId "3701255"]
[BlackFideId "4404572"]
[WhiteElo "2121"]
[BlackElo "2035"]
[Result "1-0"]
[Round "08"]
[TimeControl "180+2"]
[Date "2022.12.27"]
[WhiteClock "0:00:05"]
[BlackClock "0:00:01"]

1. e4 c6 2. d4 d5 3. exd5 cxd5 4. Bd3 Nc6 5. c3 Nf6 6. Bf4 Bg4 7. Qb3 Bc8 8. Nd2 g6 9. Ngf3 Bg7 10. h3 O-O 11. O-O a6 12. Rfe1 b5 13. Ne5 Na5 14. Qd1 Nc4 15. Bxc4 bxc4 16. Nc6 Qb6 17. Nxe7+ Kh8 18. b4 a5 19. a3 Qb7 20. Qf3 Be6 21. Bd6 Rfd8 22. Bc5 Bf8 23. Qxf6+ Bg7 24. Qh4 Re8 25. Nf3 h6 26. Ng5 Rxe7 27. Nxe6 Rxe6 28. Rxe6 fxe6 29. Re1 Qf7 30. Qg4 Re8 31. h4 h5 32. Qg3 Bh6 33. Re2 axb4 34. axb4 Ra8 35. b5 Ra1+ 36. Kh2 Bf4 37. Bd6 Bxg3+ 38. Bxg3 Kg7 39. b6 Rb1 40. Bc7 Qd7 41. Ra2 Qc6 42. Ra7 Kh6 43. Ra8 Rxb6 44. Bf4+ g5 45. Bxg5+ Kg6 46. Rg8+ Kf7 47. Rh8 Rb2 48. Be3 Qd6+ 49. g3 Re2 50. Rh7+ Kg6 51. Rh8 Kg7 52. Rxh5 Qa6 53. Rg5+ Kf6 54. Re5 Qa1 55. Bg5+ Kg6 56. Rxe2 Qf1 57. Rxe6+ Kf5 58. Rf6+ Kg4 59. Rf4+ Kh5 60. g4+ Kg6 61. Rf6+ Kg7 62. Kg3 Qxf2+ 63. Kxf2 1-0


[Site "https://www.chess.com"]

[Event "Titled Tuesday Blitz December 27 Early 2022"]
[White "Dimitrov, Atanas"]
[Black "Moroni, Luca Jr"]
[WhiteFideId "2901315"]
[BlackFideId "865834"]
[WhiteElo "2269"]
[BlackElo "2535"]
[Result "0-1"]
[Round "08"]
[TimeControl "180+2"]
[Date "2022.12.27"]
[WhiteClock "0:00:15"]
[BlackClock "0:00:53"]

1. Nf3 g6 2. c4 Bg7 3. Nc3 d6 4. b3 e5 5. Bb2 Ne7 6. e3 O-O 7. Be2 Nbc6 8. O-O f5 9. d3 h6 10. Nd2 g5 11. a3 a5 12. Rb1 Be6 13. Ba1 g4 14. b4 axb4 15. axb4 Qe8 16. b5 Nd8 17. e4 h5 18. exf5 Nxf5 19. Nce4 Qg6 20. b6 c6 21. Bc3 c5 22. Ra1 Nc6 23. Nb3 Ncd4 24. Ra7 Rab8 25. Na5 Rf7 26. Bxd4 exd4 27. Qe1 Be5 28. Bd1 Nh4 29. Qd2 Bf4 30. Qe1 Be5 31. Nxc5 Nf3+ 32. Bxf3 gxf3 33. g3 Qf5 34. Qe4 Qh3 35. Qg6+ Bg7 0-1


[Site "https://www.chess.com"]

[Event "Titled Tuesday Blitz December 27 Early 2022"]
[White "Feng, Eric"]
[Black "Yuan, Qingyu"]
[WhiteFideId "30952590"]
[BlackFideId "8609772"]
[WhiteElo "1951"]
[BlackElo "2373"]
[Result "0-1"]
[Round "08"]
[TimeControl "180+2"]
[Date "2022.12.27"]
[WhiteClock "0:00:02"]
[BlackClock "0:00:09"]

1. d4 Nf6 2. c4 e6 3. Nf3 d5 4. g3 dxc4 5. Bg2 c5 6. O-O Nc6 7. Qa4 Bd7 8. dxc5 Na5 9. Qc2 Bxc5 10. Rd1 h6 11. Ne5 Qb6 12. e3 Bb5 13. Nd2 O-O 14. Ndxc4 Nxc4 15. Nxc4 Qa6 16. Na5 Rac8 17. Nxb7 Be7 18. Qd2 Rb8 19. a4 Bc4 20. Qc3 Rfc8 21. b4 Rxb7 22. b5 Qb6 23. Bxb7 Qxb7 24. Ba3 Bd5 25. Qd2 Ne4 26. Qe1 Ng5 27. Qe2 Nf3+ 28. Kf1 Nxh2+ 29. Kg1 Nf3+ 30. Kf1 Ng5 31. Bxe7 Bc4 32. Qxc4 Rxc4 33. Rd8+ Kh7 34. Bxg5 Qh1+ 35. Ke2 Qxa1 36. Bf4 Qa2+ 37. Kf3 Rc2 38. Rd7 Rxf2+ 39. Kg4 Kg6 40. e4 Qe2+ 41. Kh3 Rh2# 0-1


[Site "https://www.chess.com"]

[Event "Titled Tuesday Blitz December 27 Early 2022"]
[White "Fernandez Siles, Luis"]
[Black "Sadovsky, Artem"]
[WhiteFideId "2209420"]
[BlackFideId "4155840"]
[WhiteElo "2218"]
[BlackElo "2276"]
[Result "0-1"]
[Round "08"]
[TimeControl "180+2"]
[Date "2022.12.27"]
[WhiteClock "0:00:09"]
[BlackClock "0:01:40"]

1. d4 g6 2. c4 Bg7 3. Nf3 d6 4. Nc3 e5 5. e4 Nc6 6. d5 Nce7 7. h4 h6 8. h5 g5 9. Bd3 f5 10. exf5 Bxf5 11. Bxf5 Nxf5 12. Ne4 Nf6 13. Qd3 Nxe4 14. Qxe4 O-O 15. Bd2 Nd4 16. Nxd4 exd4 17. O-O-O Rxf2 18. Rhf1 Qf6 19. Rxf2 Qxf2 20. Re1 Rf8 21. Qe7 d3 22. Rd1 Qe2 23. Qxc7 Bxb2+ 24. Kxb2 Qxd1 25. Kc3 Qc2+ 26. Kd4 Qxd2 27. Qxd6 Rf4+ 0-1


[Site "https://www.chess.com"]

[Event "Titled Tuesday Blitz December 27 Early 2022"]
[White "Galchenko, Matvey"]
[Black "Ronka, Erik"]
[WhiteFideId "24175480"]
[BlackFideId "505080"]
[WhiteElo "2438"]
[BlackElo "2276"]
[Result "1-0"]
[Round "08"]
[TimeControl "180+2"]
[Date "2022.12.27"]
[WhiteClock "0:00:06"]
[BlackClock "0:00:07"]

1. f4 d5 2. Nf3 Nf6 3. g3 g6 4. Bg2 Bg7 5. O-O O-O 6. d3 c5 7. Nc3 d4 8. Na4 Na6 9. c4 Bd7 10. Ne5 Rb8 11. Nxd7 Qxd7 12. b3 b6 13. a3 Rfe8 14. Bd2 Ng4 15. b4 Ne3 16. Bxe3 dxe3 17. b5 Bxa1 18. Bc6 Qd6 19. Bxe8 Bd4 20. Bc6 Nc7 21. Bg2 a6 22. bxa6 Nxa6 23. Qb3 Nc7 24. Nc3 Bxc3 25. Qxc3 Ne6 26. Qc1 Qd4 27. a4 Ng7 28. Be4 f5 29. Bg2 e5 30. fxe5 Qxe5 31. Qa1 Qd6 32. Qb2 Ne6 33. Bd5 Kf7 34. g4 Ke7 35. Bxe6 Qxe6 36. Qg7+ Kd6 37. Rb1 fxg4 38. a5 g3 39. Rxb6+ Rxb6 40. axb6 gxh2+ 41. Kh1 Qd7 42. Qf6+ 1-0


[Site "https://www.chess.com"]

[Event "Titled Tuesday Blitz December 27 Early 2022"]
[White "Garcia Almaguer, Juan Manuel"]
[Black "Rose, Felix"]
[WhiteFideId "5110491"]
[BlackFideId "5105722"]
[WhiteElo "2090"]
[BlackElo "2091"]
[Result "1-0"]
[Round "08"]
[TimeControl "180+2"]
[Date "2022.12.27"]
[WhiteClock "0:01:48"]
[BlackClock "0:00:03"]

1. e4 c5 2. Nf3 e6 3. d4 cxd4 4. Nxd4 a6 5. c4 Nf6 6. Nc3 Qc7 7. a3 Nc6 8. Be2 b6 9. f4 d6 10. Be3 Bb7 11. O-O Be7 12. Rc1 O-O 13. Nd5 Qd8 14. Nxc6 Bxc6 15. Bxb6 Qd7 16. Nxe7+ Qxe7 17. e5 dxe5 18. fxe5 Nd7 19. Bc7 Qg5 20. Bf3 Bxf3 21. Rxf3 Nxe5 22. Rg3 Nf3+ 23. Kh1 Qc5 24. Bd6 1-0


[Site "https://www.chess.com"]

[Event "Titled Tuesday Blitz December 27 Early 2022"]
[White "Garcia Ramos, Daniel"]
[Black "Tomb, Maroun"]
[WhiteFideId "32010311"]
[BlackFideId "5300398"]
[WhiteElo "2442"]
[BlackElo "2090"]
[Result "1-0"]
[Round "08"]
[TimeControl "180+2"]
[Date "2022.12.27"]
[WhiteClock "0:00:03"]
[BlackClock "0:00:08"]

1. e4 d6 2. d4 Nf6 3. Nc3 e5 4. Nf3 Nbd7 5. Bc4 Be7 6. O-O c6 7. a4 h6 8. Re1 Qc7 9. h3 Nf8 10. a5 Ng6 11. d5 O-O 12. a6 b5 13. Bb3 b4 14. Nb1 cxd5 15. exd5 Nd7 16. Be3 f5 17. c3 f4 18. Bd2 Nc5 19. Bc2 Bf5 20. Bxf5 Rxf5 21. Qc2 Raf8 22. cxb4 Nxa6 23. Qxc7 Nxc7 24. Nc3 a6 25. Kf1 Rb8 26. Ra4 Nf8 27. Ke2 Nd7 28. Kd3 Nb6 29. Ra5 Kf7 30. b3 g5 31. Ke4 Kg6 32. Rc1 h5 33. Ne2 Ncxd5 34. Rxd5 Nxd5 35. Kxd5 g4 36. hxg4 hxg4 37. Nh2 Rb5+ 38. Ke6 f3 39. gxf3 Rf6+ 40. Kxe7 Rb7+ 41. Ke8 gxf3 42. Rg1+ Kf5 43. Nxf3 Re6+ 44. Kf8 Rf6+ 45. Kg8 Re6 46. Nfd4+ exd4 47. Nxd4+ Kf6 48. Bg5+ Ke5 49. Nxe6 Kxe6 50. Bd2 Kd5 51. Rg5+ Kc6 52. Ra5 d5 53. Rxa6+ Kb5 54. Ra5+ Kc6 55. Rc5+ Kd6 56. Bc3 Ke6 57. f4 Ra7 58. Rc6+ Kf5 59. Be5 Rb7 60. Rf6+ Ke4 61. Re6 d4 62. Bxd4+ Kxd4 63. f5 Kd5 64. Kf8 Rxb4 65. Kf7 Rxb3 66. f6 Rh3 67. Re1 Rh7+ 68. Kg8 Rh2 69. f7 Rg2+ 70. Kf8 Kd6 71. Re4 Rg1 72. Ke8 Ra1 73. f8=Q+ 1-0


[Site "https://www.chess.com"]

[Event "Titled Tuesday Blitz December 27 Early 2022"]
[White "Goltseva, Ekaterina"]
[Black "Weetik, Vjacheslav"]
[WhiteFideId "24173770"]
[BlackFideId "4153472"]
[WhiteElo "2283"]
[BlackElo "2423"]
[Result "0-1"]
[Round "08"]
[TimeControl "180+2"]
[Date "2022.12.27"]
[WhiteClock "0:00:05"]
[BlackClock "0:00:07"]

1. d4 d5 2. c4 e6 3. Nf3 Nf6 4. Nc3 Be7 5. Bg5 O-O 6. e3 h6 7. Bxf6 Bxf6 8. Qc2 c5 9. dxc5 dxc4 10. Bxc4 Qa5 11. O-O Qxc5 12. Ne4 Qe7 13. Rfd1 Nc6 14. Nxf6+ Qxf6 15. Bb5 Nb4 16. Qb3 Nd5 17. e4 Nf4 18. e5 Qg6 19. g3 b6 20. Bc6 Ba6 21. Nh4 Qg5 22. Qe3 Rac8 23. Be4 Nd5 24. Qxg5 hxg5 25. Nf3 g4 26. Ng5 Rc5 27. Rd4 Rfc8 28. Bh7+ Kf8 29. Rxg4 g6 30. Rh4 Kg7 31. Re1 Rc1 32. Rxc1 Rxc1+ 33. Kg2 Rc2 34. Kf3 Rxb2 35. Ne4 Bb7 36. Kg4 Rb4 37. f3 f5+ 38. exf6+ Nxf6+ 39. Kh3 Nxh7 40. Rg4 Bxe4 41. fxe4 Rxe4 42. Rxe4 Ng5+ 43. Kg4 Nxe4 44. Kf4 Nc3 45. Ke5 Nxa2 46. Kxe6 b5 47. Kd5 a5 48. Kc5 b4 49. Kc4 a4 50. h4 b3 51. g4 b2 0-1


[Site "https://www.chess.com"]

[Event "Titled Tuesday Blitz December 27 Early 2022"]
[White "Goncalves, Davi Sulzbacher"]
[Black "Itgelt, Khuyagtsogt"]
[WhiteFideId "2154510"]
[BlackFideId "4902912"]
[WhiteElo "2282"]
[BlackElo "2261"]
[Result "1-0"]
[Round "08"]
[TimeControl "180+2"]
[Date "2022.12.27"]
[WhiteClock "0:01:03"]
[BlackClock "0:00:05"]

1. d4 Nf6 2. Nf3 e6 3. Bf4 d5 4. e3 Bd6 5. Bg3 O-O 6. Bd3 c5 7. c3 b6 8. Ne5 Qc7 9. f4 g6 10. Bh4 Ne8 11. Nd2 f6 12. Ng4 Nc6 13. O-O Qg7 14. Qf3 h5 15. Nf2 g5 16. fxg5 fxg5 17. Qxh5 gxh4 18. Ng4 Rf5 19. Qxe8+ Bf8 20. Qxc6 Qxg4 21. Qxa8 h3 22. g3 Ba6 23. Bxa6 c4 24. Rxf5 exf5 25. Qxd5+ Kh8 26. Bxc4 1-0


[Site "https://www.chess.com"]

[Event "Titled Tuesday Blitz December 27 Early 2022"]
[White "Graca, Robert"]
[Black "Torres Dominguez, David"]
[WhiteFideId "644943"]
[BlackFideId "2220857"]
[WhiteElo "2270"]
[BlackElo "1994"]
[Result "1-0"]
[Round "08"]
[TimeControl "180+2"]
[Date "2022.12.27"]
[WhiteClock "0:00:34"]
[BlackClock "0:00:34"]

1. Nf3 d5 2. d4 c6 3. c4 Nf6 4. Nc3 a6 5. cxd5 cxd5 6. Bg5 e6 7. e3 Be7 8. Bd3 O-O 9. O-O h6 10. Bh4 Nc6 11. Rc1 Bd7 12. Bb1 Ne8 13. Bxe7 Qxe7 14. Na4 Rd8 15. Nc5 Bc8 16. a3 Nb8 17. Ne5 Nf6 18. Qd3 g6 19. f4 b6 20. Na4 Rd6 21. Rf3 Ne4 22. Nc3 Nxc3 23. Rxc3 Nd7 24. Nxg6 fxg6 25. Qxg6+ Qg7 26. Qh5 Nf6 27. Qh4 Kh8 28. Rg3 Qe7 29. Rg6 Ng8 30. Rxh6+ Kg7 31. Rh7# 1-0


[Site "https://www.chess.com"]

[Event "Titled Tuesday Blitz December 27 Early 2022"]
[White "Guevara Sanchez, Erick Marvin"]
[Black "Vifleemskaia, Svetlana"]
[WhiteFideId "6700136"]
[BlackFideId "4129490"]
[WhiteElo "2073"]
[BlackElo "1971"]
[Result "0-1"]
[Round "08"]
[TimeControl "180+2"]
[Date "2022.12.27"]
[WhiteClock "0:00:14"]
[BlackClock "0:00:42"]

1. e4 e5 2. Nf3 Nc6 3. Bc4 Nf6 4. Qe2 Bc5 5. d3 d6 6. c3 O-O 7. Nbd2 Bg4 8. h3 Be6 9. Bb3 a5 10. Bc2 a4 11. g4 b5 12. a3 Ne7 13. Nf1 Ng6 14. Ng3 d5 15. Nf5 dxe4 16. dxe4 c6 17. Be3 Qb6 18. g5 Bc4 19. Bxc5 Qxc5 20. Qe3 Nd7 21. h4 Nf4 22. Rg1 Rfe8 23. Rd1 Qa7 24. Qxa7 Rxa7 25. Nd6 Rb8 26. Nxc4 bxc4 27. Rb1 Kf8 28. Kd2 f6 29. Nh2 Nc5 30. Nf1 Rd7+ 31. Kc1 Rdb7 32. Ne3 Ncd3+ 33. Bxd3 Nxd3+ 34. Kc2 Rxb2+ 35. Rxb2 Rxb2+ 36. Kd1 Nxf2+ 37. Ke1 Nd3+ 38. Kf1 Rf2# 0-1


[Site "https://www.chess.com"]

[Event "Titled Tuesday Blitz December 27 Early 2022"]
[White "Guliev, Logman"]
[Black "Wagner, Dinara"]
[WhiteFideId "13400061"]
[BlackFideId "24157570"]
[WhiteElo "2250"]
[BlackElo "2417"]
[Result "1-0"]
[Round "08"]
[TimeControl "180+2"]
[Date "2022.12.27"]
[WhiteClock "0:00:42"]
[BlackClock "0:00:14"]

1. e4 c5 2. Nf3 e6 3. d4 cxd4 4. Nxd4 Nf6 5. Bd3 Nc6 6. Nxc6 bxc6 7. O-O d5 8. Nd2 Be7 9. c4 O-O 10. Qc2 g6 11. e5 Nd7 12. Nf3 Nc5 13. Be2 Ne4 14. Bh6 Re8 15. Rad1 Qb6 16. b3 Bc5 17. Bd3 Nxf2 18. Rxf2 Ba6 19. Rf1 dxc4 20. Bxc4 Bxc4 21. Qxc4 Rad8 22. Kh1 Bxf2 23. Qf4 Bc5 24. Ng5 Rd7 25. Qf6 Bf8 26. Bxf8 Kxf8 27. Qh8+ Ke7 28. Rxf7+ Kd8 29. Nxe6+ Kc8 30. Qxe8+ Kb7 31. Qxd7+ Ka6 32. Qd3+ Ka5 33. h3 Kb4 34. Rf4+ Ka3 35. Ra4+ Kb2 36. Qd2+ Kb1 37. Rc4 1-0


[Site "https://www.chess.com"]